 Dungeon Crawl Stone Soup version 0.24.0-123-gd5b16e6ec5 (webtiles) character file.

Game seed: 4943219414144738491, levelgen mode: deterministic

316 Ponchio the Digger (level 6, 0/32 HPs)
             Began as a Deep Elf Earth Elementalist on Jan 20, 2020.
             Shot with an arrow by a centaur (12 damage)
             ... on level 5 of the Dungeon.
             The game lasted 00:09:26 (2896 turns).

Ponchio the Digger (Deep Elf Earth Elementalist)    Turns: 2896, Time: 00:09:27

Health: 0/32       AC:  3    Str:  5    XL:     6   Next: 20%
Magic:  16/16      EV: 13    Int: 22    God:
Gold:   168        SH:  0    Dex: 15    Spells: 6/16 levels left

rFire    . . .     SeeInvis .   k - +1 short sword (holy)
rCold    . . .     Gourm    .   (no shield)
rNeg     . . .     Faith    .   c - +0 robe
rPois    .         Spirit   .   l - +1 hat
rElec    .         Reflect  .   (no cloak)
rCorr    .         Harm     .   (no gloves)
MR       .....                  (no boots)
Stlth    ++........             (no amulet)
HPRegen  0.10/turn              f - +4 ring of slaying
MPRegen  0.15/turn              (no ring)

@: no status effects
A: no striking features
a: no special abilities


You were on level 5 of the Dungeon.
You were not hungry.

You visited 1 branch of the dungeon, and saw 5 of its levels.

You collected 168 gold pieces.

Inventory:

Hand Weapons
 k - a +1 short sword of holy wrath (weapon)
Missiles
 n - 59 stones (quivered)
Armour
 c - a +0 robe (worn)
 l - a +1 hat (worn)
Jewellery
 f - a +4 ring of slaying (left hand)
 p - an uncursed ring of fire
Wands
 h - a wand of scattershot (8)
Scrolls
 e - 2 scrolls of teleportation
 g - 2 scrolls of fog
 j - 2 scrolls of fear
 o - 3 scrolls of remove curse
Potions
 a - a potion of mutation {unknown}
 b - a potion of haste
 i - 3 potions of cancellation {unknown}
 m - 2 potions of agility {unknown}
Comestibles
 d - 12 rations


   Skills:
 - Level 2.4 Dodging
 - Level 2.4 Stealth
 + Level 5.5 Spellcasting
 - Level 1.1 Transmutations
 * Level 6.6 Earth Magic


You had 6 spell levels left.
You knew the following spells:

 Your Spells              Type           Power        Failure   Level  Hunger
a - Sandblast             Erth           #####.       1%          1    None
b - Passwall              Tmut/Erth      ###.....     3%          2    None
c - Stone Arrow           Conj/Erth      ###...       8%          3    ##.....
d - Petrify               Tmut/Erth      ###.....     19%         4    ####...

Your spell library contained the following spells:

 Spells                   Type           Power        Failure   Level  Hunger
 Lee's Rapid Deconstruct  Erth           #####.....   17%         5    #####..


Dungeon Overview and Level Annotations

Branches:
Dungeon (5/15)
 Temple: D:4-7

Altars:
Trog


Message History

As you open the door, it creaks loudly!
Found ice dragon scales.
There is an open door here.
d - 12 rations (gained 1)
A centaur comes into view.
The centaur shouts!
The centaur wields a +0 shortbow.
The centaur shoots an arrow.
The arrow hits you!
Things that are here:
an arrow; ice dragon scales The centaur shoots an arrow.
The arrow hits you!
You see here an arrow.
The centaur shoots an arrow.
The arrow closely misses you.
The centaur shoots an arrow.
The arrow hits you.
You see here 2 arrows.
The centaur shoots an arrow.
The arrow hits you but does no damage.
You see here an arrow.
There is an open door here.
The centaur shoots an arrow.
The arrow hits you!
You die...

#................#
#................#
#.................
#........>.......#
#................#
#................#
##.......<........
#.......#.....#.♣♣
#@#############.♣
###'### #≈§§≈≈#
#≈§..≈# #≈..(≈#
#≈..(≈# #§#(#§#
§§≈#c#≈§≈
...##8.8##...


You could see a centaur.

Vanquished Creatures
  2 scorpions (D:4)
  A hound (D:4)
  An iguana (D:4)
  2 worker ants (D:4)
  An adder (D:2)
  An ooze (D:1)
  An adder skeleton (D:4)
  2 worms
  4 dart slugs
  4 leopard geckos
  8 orcs
  7 bats
  7 goblins
  8 hobgoblins
  3 jackals (D:1)
  A quokka (D:4)
  3 frilled lizards
  11 kobolds
  9 rats
76 creatures vanquished.

Notes
Turn   | Place    | Note
-------+----------+-------------------------------------------
     0 | D:1      | Ponchio the Deep Elf Earth Elementalist began the quest for
                  | the Orb.
     0 | D:1      | Reached XP level 1. HP: 10/10 MP: 6/6
   170 | D:1      | Reached XP level 2. HP: 15/15 MP: 5/8
   348 | D:1      | Reached skill level 4 in Earth Magic
   621 | D:1      | Reached XP level 3. HP: 16/19 MP: 10/10
   625 | D:1      | Learned a level 2 spell: Passwall
   629 | D:1      | Learned a level 3 spell: Stone Arrow
  1276 | D:2      | Found a bloodstained altar of Trog.
  1379 | D:2      | Reached XP level 4. HP: 21/24 MP: 12/12
  1399 | D:2      | Learned a level 4 spell: Petrify
  1656 | D:3      | Reached skill level 5 in Earth Magic
  1951 | D:3      | Found a faded altar of an unknown god.
  2190 | D:4      | Reached XP level 5. HP: 28/28 MP: 9/14
  2361 | D:4      | Reached skill level 5 in Spellcasting
  2380 | D:4      | Reached skill level 6 in Earth Magic
  2473 | D:4      | Reached XP level 6. HP: 26/32 MP: 13/16
  2794 | D:5      | Entered Level 5 of the Dungeon
  2896 | D:5      | Shot with an arrow by a centaur

Levels and vault maps discovered:
D:1:      sevenhm_arrival_forest_fort_small_6, layout_basic, fountainhead,
          hex_tiny, wander_ebering_terrifying_dragon_lair
D:2:      layout_rooms, lightli_temple_of_fire
D:3:      layout_rooms, chequers_ecumenical_altar_simple_redux
D:4:      layout_cave_pods, first_ration
D:5:      minmay_razor_zed, layout_rooms, kennysheep_okawaru_gauntlet,
          basic_altar, serial_shops, shop, nrook_campfire,
          kennysheep_minor_cross, minmay_small_thing

Skill      XL: |  1  2  3  4  5 |
---------------+----------------+-----
Earth Magic    | 4 5 6 |  6.6
Spellcasting   | 4 5 |  5.5
Dodging        | |  2.4
Stealth        | |  2.4
Transmutations | |  1.1

Action                   |  1- 3 |  4- 6 || total
-------------------------+-------+-------++-------
Melee: Unarmed           |     1 |       ||     1
       Short sword       |    63 |    33 ||    96
 Cast: Sandblast         |    34 |    29 ||    63
  Use: Scroll            |       |     8 ||     8
 Stab: Sleeping          |     3 |     2 ||     5
  Eat: Chunk             |     1 |     5 ||     6
Armor: Robe              |     7 |     7 ||    14
Dodge: Dodged            |    48 |    26 ||    74
